 Dungeon Crawl Stone Soup version 0.17.1-1-g73c8601 (webtiles) character file.

115 yevrey the Ruffian (level 4, -2/36 HPs)
             Began as a Draconian Transmuter on Jan 21, 2016.
             Slain by an orc wizard
             ... wielding a +1 dagger of pain
              (5 damage)
             ... on level 4 of the Dungeon.
             The game lasted 00:10:42 (2165 turns).

yevrey the Ruffian (Draconian Transmuter)           Turns: 2165, Time: 00:10:42

Health: -2/36      AC:  2    Str: 13    XL:     4   Next: 68%
Magic:  3/8        EV: 20    Int: 14    God:
Gold:   69         SH:  0    Dex: 16    Spells: 2 memorised, 4 levels left

rFire  + . .     SeeInvis .       - Unarmed
rCold  . . .     Clarity  .     (armour unavailable)
rNeg   . . .     SustAt   .     (shield currently unavailable)
rPois  x         Gourm    .     (helmet currently unavailable)
rElec  .         Spirit   .     (cloak currently unavailable)
rCorr  .         Warding  .     (gloves currently unavailable)
rMut   .         Stasis   .     (boots currently unavailable)
MR     .....                    (no amulet)
Stlth  +.........               (no ring)
                                e - ring of protection from fire

@: spider-form, not resistant to hostile enchantments, very unstealthy
A: unfitting armour, (cold-blooded), AC +5
a: End Transformation


You were on level 4 of the Dungeon.
You were not hungry.
You were a venomous arachnid creature.
You visited 1 branch of the dungeon, and saw 4 of its levels.

You collected 69 gold pieces.

Inventory:

Missiles
 a - 24 arrows
Armour
 o - a +1 cloak (melded)
Jewellery
 e - a ring of protection from fire (left front leg)
Scrolls
 i - a scroll of enchant weapon
Potions
 d - a potion of flight {unknown}
 f - a potion of curing {unknown}
 h - a potion of resistance {unknown}
Books
 b - a book of Changes

   Spells                             Type                      Level
   a - Beastly Appendage              Transmutation                1
   b - Sticks to Snakes               Transmutation                2
   c - Spider Form                    Transmutation/Poison         3
   d - Ice Form                       Ice/Transmutation            4
   e - Blade Hands                    Transmutation                5
Comestibles
 c - a bread ration
 l - a fruit


   Skills:
 + Level 1.8 Fighting
 + Level 2.6 Dodging
 + Level 3.5 Unarmed Combat
 + Level 2.7 Spellcasting
 + Level 3.0 Transmutations


You had 4 spell levels left.
You knew the following spells:

 Your Spells              Type           Power        Failure   Level  Hunger
a - Beastly Appendage     Trmt           ##....       24%         1    #......
b - Spider Form           Trmt/Pois      #.........   61%         3    ###....


Dungeon Overview and Level Annotations

Branches:
Dungeon (4/15)
 Temple: D:4-7

Altars:
Okawaru
Trog


Innate Abilities, Weirdness & Mutations

((Your plain brown scales are hard (AC +5).))
Your body does not fit into most forms of armour.
((You are cold-blooded and may be slowed by cold attacks.))


Message History

You kill the quokka!
You hit the orc wizard.
The orc wizard is poisoned.
The orc wizard is lightly wounded.
The orc wizard completely misses you.
You hit the orc wizard but do no damage.
The orc wizard looks even sicker.
The orc wizard is lightly wounded.
Your transformation has ended.
Your +1 cloak unmelds from your body.
The orc wizard barely misses you.
Casting: Spider Form
Confirm with . or Enter, or press ? or * to list all spells.
You turn into a venomous arachnid creature.
Your +1 cloak melds into your body.
The orc wizard hits you but does no damage.
You writhe in agony.
* * * LOW HITPOINT WARNING * * *
You hit the orc wizard.
The orc wizard is heavily wounded.
The orc wizard hits you with a dagger of pain.
You die...

.## ####.#.#
....####+#....#.#
!##........o....#
............#ยง#.##
#....<..........
#........r..#
####^...o...#
#.######.# #.
#.sob# #. #b##.# #.
... #... ######
[....# .......
.......# ....b.###
.b...


You could see an orc wizard.

Vanquished Creatures
  Robin (D:2)
  4 gnolls
  2 worms (D:2)
  3 giant geckos (D:1)
  4 orcs
  4 bats (D:1)
  11 goblins
  8 hobgoblins
  6 kobolds
  3 quokkas
  A ball python (D:1)
  3 giant cockroaches
  5 rats
55 creatures vanquished.

Notes
Turn   | Place    | Note
--------------------------------------------------------------
     0 | D:1      | yevrey the Draconian Transmuter began the quest for the Orb.
     0 | D:1      | Reached XP level 1. HP: 16/16 MP: 3/3
   493 | D:1      | Reached XP level 2. HP: 23/23 MP: 3/5
   829 | D:1      | Reached XP level 3. HP: 4/28 MP: 4/6
   955 | D:1      | Learned a level 3 spell: Spider Form
  1508 | D:2      | Found a bloodstained altar of Trog.
  1542 | D:2      | Noticed Robin
  1590 | D:2      | Killed Robin
  1590 | D:2      | Reached XP level 4. HP: 30/35 MP: 0/7
  1868 | D:3      | Found an iron altar of Okawaru.
  2165 | D:4      | Slain by an orc wizard

Action                   |  1- 3 |  4- 6 || total
-------------------------+-------+-------++-------
Melee: Unarmed           |   123 |    44 ||   167
 Cast: Beastly Appendage |    21 |       ||    21
       Spider Form       |     6 |     6 ||    12
  Use: Scroll            |     2 |     7 ||     9
       Potion            |     1 |       ||     1
  Eat: Bread ration      |     1 |       ||     1
       Fruit             |       |     2 ||     2
